 Dungeon Crawl Stone Soup version 0.29-a0-821-g6639535 (webtiles) character file.

Game seed: 16056882321906365249

311 Illumine the Chopper (level 6, -5/56 HPs)
             Began as a Minotaur Fighter on July 7, 2022.
             Slain by an ogre
             ... wielding a +0 giant spiked club
              (36 damage)
             ... on level 4 of the Dungeon.
             The game lasted 00:01:46 (3321 turns).

Illumine the Chopper (Minotaur Fighter)             Turns: 3321, Time: 00:01:47

Health: -5/56      AC:  7    Str: 22    XL:     6   Next: 18%
Magic:  5/5        EV:  9    Int:  5    God:
Gold:   126        SH:  4    Dex: 10    Spells: 5/5 levels left

rFire   . . .      SeeInvis .   a - +0 war axe
rCold   . . .      Faith    .   c - +0 buckler
rNeg    . . .      Spirit   .   b - +0 scale mail
rPois   .          Reflect  .   (helmet restricted)
rElec   .          Harm     .   (no cloak)
rCorr   .          Rampage  .   (no gloves)
Will    .....                   (no boots)
Stlth   ..........              (no amulet)
HPRegen 0.18/turn               (no ring)
MPRegen 0.09/turn               (no ring)

@: no status effects
A: horns 2, retaliatory headbutt
a: no special abilities


You were on level 4 of the Dungeon.
You visited 1 branch of the dungeon, and saw 4 of its levels.

You collected 126 gold pieces.

Inventory:

Hand Weapons
 a - a +0 war axe (weapon)
Missiles
 h - 4 javelins (quivered)
Armour
 b - a +0 scale mail (worn)
 c - a +0 buckler (worn)
Wands
 o - a wand of flame (20)
 u - a wand of acid (5)
Scrolls
 f - 3 scrolls of identify {unknown}
 g - a scroll of amnesia {unknown}
 i - 2 scrolls of fog {unknown}
 l - a scroll of poison {unknown}
 p - a scroll of fear {unknown}
 r - a scroll of enchant armour {unknown}
 t - a scroll of summoning {unknown}
 v - a scroll of teleportation {unknown}
 w - a scroll of noise {unknown}
Potions
 d - a potion of might
 e - 3 potions of curing
 j - 2 potions of heal wounds {unknown}
 k - 2 potions of haste {unknown}
 m - a potion of berserk rage {unknown}
 n - 2 potions of resistance {unknown}
 q - a potion of attraction {unknown}
 s - 2 potions of brilliance {unknown}


   Skills:
 + Level 5.0 Fighting
 * Level 5.5 Axes
 + Level 1.3 Throwing
 + Level 5.0 Armour
 - Level 4.0 Shields


You had 5 spell levels left.
You didn't know any spells.
Your spell library contained the following spells:

 Spells                   Type           Power      Damage    Failure   Level
 Foxfire                  Conj/Fire      0%         2x1d4     86%         1
 Call Canine Familiar     Summ           0%         N/A       99%         3
 Conjure Flame            Conj/Fire      0%         6-21      99%         3
 Inner Flame              Hex/Fire       0%         N/A       99%         3
 Portal Projectile        Hex/Tloc       0%         N/A       99%         3
 Flame Wave               Conj/Fire      0%         2d4       100%        4
 Leda's Liquefaction      Hex/Erth       0%         N/A       100%        4


Dungeon Overview and Level Annotations

Branches:
Dungeon (4/15)
 Temple: D:4-7

Altars:
Ashenzari
Hepliaklqana
Uskayaw
Vehumet


Innate Abilities, Weirdness & Mutations

You have a pair of horns on your head.
You reflexively headbutt those who attack you in melee.


Message History

An adder comes into view.
You closely miss the shadow imp.
The adder hisses angrily.
Your headbutt misses the shadow imp.
The shadow imp is moderately wounded.
The shadow imp closely misses you.
You slash the shadow imp!
You kill the shadow imp!
Unknown command.
You slash the adder!
You kill the adder!
Unknown command.
Found a hazy altar of Hepliaklqana.
You see here an adder corpse.
Key pressed, stopping explore.
No target in view!
You now have 126 gold pieces (gained 10).
There is an escape hatch in the ceiling here.
Key pressed, stopping explore.
No target in view!
You open the door.
There is an open door here.
There is an open door here.
An ogre comes into view. It is wielding a +0 giant spiked club.
The ogre shouts!
An ogre is nearby!
An ogre is nearby!
You barely miss the ogre. Your headbutt misses the ogre.
The ogre hits you with a +0 giant spiked club!
You hit the ogre but do no damage. The ogre barely misses you.
You barely miss the ogre. You headbutt the ogre!
The ogre is heavily wounded.
The ogre hits you with a +0 giant spiked club!
You slash the ogre!
The ogre is almost dead.
You completely miss the ogre. Your headbutt misses the ogre.
The ogre is almost dead.
The ogre hits you with a +0 giant spiked club!!!
Ouch! That really hurt!
You die...

#### ...# #. #.#.########.## ...#
...#.♣.#.##.#.# ##)#
...##.##......#### .#.#
.....#...........########
.#.#####.......#.........##.....#
.#.......................##.....#
................................#
...............O.......####..[..#
.#.####.###.####@......# #.....#
.#.# #.#####.# #.......## #######
.#)# #.......# ##.#.##..## #.
##.# #..###..# #.....>..# ##.
...# ##.###.## ####'###+# #..
#### #.....# ###.....# #.. #
#.....# ##.#.###.######.. #
#####.#####..#.....#.......
######## ##.#......'.._..'.####.#


You could see an ogre.

Vanquished Creatures
  An orc priest (D:4)
  A hound (D:4)
  2 iguanas (D:4)
  Natasha (thrice) (D:2)
  5 adders
  A shadow imp (D:4)
  A worm (D:3)
  4 orcs (D:4)
  4 ball pythons
  7 endoplasms
  8 giant cockroaches
  6 goblins
  8 hobgoblins
  2 jackals (D:4)
  4 quokkas
  4 bats
  2 frilled lizards (D:2)
  6 kobolds
  3 rats (D:1)
72 creatures vanquished.

Notes
Turn   | Place    | Note
-------+----------+-------------------------------------------
     0 | D:1      | Illumine the Minotaur Fighter began the quest for the Orb.
     0 | D:1      | Reached XP level 1. HP: 19/19 MP: 0/0
   164 | D:1      | Reached XP level 2. HP: 19/27 MP: 1/1
   941 | D:2      | Reached XP level 3. HP: 24/33 MP: 2/2
  1082 | D:2      | Noticed Natasha
  1095 | D:2      | Killed Natasha
  1248 | D:2      | Reached XP level 4. HP: 40/40 MP: 3/3
  1256 | D:2      | Found a faded altar of an unknown god.
  1528 | D:2      | Noticed Natasha
  1534 | D:2      | Killed Natasha
  1761 | D:2      | Noticed Natasha
  1766 | D:2      | Killed Natasha
  1805 | D:2      | You fall into a shaft and drop 1 floor!
  1845 | D:3      | Reached XP level 5. HP: 47/47 MP: 4/4
  1953 | D:3      | Found a broken altar of Ashenzari.
  1953 | D:3      | Found a hide-covered altar of Uskayaw.
  2478 | D:4      | Reached skill level 5 in Axes
  2819 | D:4      | Found a radiant altar of Vehumet.
  3037 | D:4      | Reached skill level 1 in Throwing
  3072 | D:4      | Reached skill level 5 in Armour
  3072 | D:4      | Reached XP level 6. HP: 55/55 MP: 5/5
  3132 | D:4      | Reached skill level 5 in Fighting
  3147 | D:4      | Found a hazy altar of Hepliaklqana.
  3321 | D:4      | Slain by an ogre

Illustrated notes

Levels and vault maps discovered:
D:1:      dpeg_arrival_long_road, layout_loops_ring
D:2:      layout_loops_cross, basic_ecumenical_altar,
          chequers_serial_rivers_micro_d, minmay_worlds_worst_comb, uniq_natasha
D:3:      cheibrodos_pilgrimage, layout_basic,
          gammafunk_temple_overflow_elements
D:4:      layout_loops_cross, nicolae_overflow_crystal_walls,
          mainiacjoe_overflow_six_doors_small, minmay_misc_feat_alley,
          hangedman_abyss_or_decor_stabs, grunt_decor_one_mirror,
          kennysheep_generic_room_9

Skill      XL: |  1  2  3  4  5  6 |
---------------+-------------------+-----
Axes           | 3 4 5 |  5.5
Fighting       | 4 5 |  5.0
Armour         | 4 5 |  5.0
Shields        | 4 |  4.0
Throwing       | 1 |  1.3

Action                   |  1- 3 |  4- 6 || total
-------------------------+-------+-------++-------
Melee: War axe           |    92 |   101 ||   193
       Headbutt          |     7 |    13 ||    20
Armor: Scale mail        |    44 |    39 ||    83
Dodge: Dodged            |    39 |    45 ||    84
Block: Buckler           |    20 |    21 ||    41

Table legend: (Time is in decaauts)
 A = Elapsed time spent in this place.
 B = Non-inter-level travel time spent in this place.
 C = Inter-level travel time spent in this place.
 D = Time resting spent in this place.
 E = Time spent auto-exploring this place.
 F = Levels seen in this place.
 G = Mean time per level.
                   A        B        C        D        E       F      G
               +--------+--------+--------+--------+--------+-----+--------+
         Total |   3386 |   3354 |     32 |      0 |   2838 |   4 |  846.5 |
       Dungeon |   3386 |   3354 |     32 |      0 |   2838 |   4 |  846.5 |
               +--------+--------+--------+--------+--------+-----+--------+

Top non-repeatable levels by time:
     D:2: 1054 daAuts
     D:4: 875 daAuts
     D:1: 791 daAuts
     D:3: 665 daAuts
